 Dungeon Crawl Stone Soup version 0.30-a0-540-g0af01429fa (webtiles) character file.

Game seed: 12626943606216362883

32 Jase the Vexing (level 3, -1/26 HPs)
             Began as a Formicid Hexslinger on Dec 26, 2022.
             Slain by an adder (3 damage)
             ... on level 2 of the Dungeon.
             The game lasted 00:02:41 (810 turns).

Jase the Vexing (Formicid Hexslinger)                Turns: 810, Time: 00:02:41

Health: -1/26      AC:  2    Str: 14    XL:     3   Next: 42%
Magic:  3/4        EV: 12    Int: 14    God:
Gold:   92         SH:  5    Dex: 14    Spells: 3/4 levels left

rFire   . . .      SeeInvis +    a - +1 sling
rCold   . . .      Faith    .    (no shield)
rNeg    . . .      Spirit   .    c - +0 robe
rPois   .          Reflect  +    (helmet unavailable)
rElec   .          Harm     .    (no cloak)
rCorr   .          Rampage  .    (no gloves)
Will    .....                    (no boots)
Stlth   +                        k - amulet of reflection
HPRegen 0.24/turn                (no ring)
MPRegen 0.09/turn                (no ring)

@: no status effects
A: permanent stasis, dig shafts and tunnels, antennae 3, four strong arms
a: Dig, Shaft Self


You were on level 2 of the Dungeon.
You visited 1 branch of the dungeon, and saw 2 of its levels.

You collected 92 gold pieces.

Inventory:

Hand Weapons
 a - a +1 sling (weapon)
Armour
 c - a +0 robe (worn)
Jewellery
 d - a ring of ice
 k - an amulet of reflection (around neck)
Scrolls
 b - a scroll of poison
 f - a scroll of torment {unknown}
 g - a scroll of blinking {unknown}
 h - a scroll of identify {unknown}
 l - a scroll of teleportation {unknown}
Potions
 e - a potion of heal wounds {unknown}
 i - 2 potions of might {unknown}
 j - a potion of brilliance {unknown}


   Skills:
 - Level 1.1 Fighting
 + Level 2.6 Ranged Weapons
 + Level 2.3 Dodging
 - Level 1.1 Spellcasting
 + Level 4.2 Hexes


You had 3 spell levels left.
You knew the following spells:

 Your Spells              Type           Power      Damage    Failure   Level
a - Slow                  Hex            48%        N/A       4%          1

Your spell library contained the following spells:

 Spells                   Type           Power      Damage    Failure   Level
 Inner Flame              Hex/Fire       6%         N/A       32%         3
 Portal Projectile        Hex/Tloc       12%        N/A       32%         3
 Cause Fear               Hex            6%         N/A       41%         4


Dungeon Overview and Level Annotations

Branches:
Dungeon (2/15)

Altars:


Innate Abilities, Weirdness & Mutations

You cannot be hasted, slowed, berserked, paralysed or teleported.
You can dig through walls and to a lower floor.
You have a pair of large antennae on your head. (SInv)
Your four strong arms can wield two-handed weapons with a shield.


Message History

You shoot a sling bullet.
The sling bullet barely misses the adder.
The adder is no longer moving slowly.
The adder barely misses you. The adder bites you but does no damage.
Fire: a) +1 sling
Press: ? - help, Q - select action, (/) - cycle Shift-Dir - straight line, f/p - adder
Aim: an adder (heavily wounded, 38% to hit)
You shoot a sling bullet.
The sling bullet closely misses the adder.
The sling bullet misses the kobold.
The adder bites you.
You are poisoned.
The adder poisons you!
Your magical contamination has completely faded away.
Fire: a) +1 sling
Press: ? - help, Q - select action, (/) - cycle Shift-Dir - straight line, f/p - adder
Aim: an adder (heavily wounded, 38% to hit)
You shoot a sling bullet.
The sling bullet closely misses the adder.
The sling bullet completely misses the kobold.
You feel sick. The adder bites you. You block the adder's attack.
Fire: a) +1 sling
Press: ? - help, Q - select action, (/) - cycle Shift-Dir - straight line, f/p - adder
Aim: an adder (heavily wounded, 38% to hit)
You shoot a sling bullet.
The sling bullet closely misses the adder.
You feel sick. The adder bites you.
* * * LOW HITPOINT WARNING * * *
The kobold hits you with a +0 club.
* * * LOW HITPOINT WARNING * * *
You block the adder's attack.
Fire: a) +1 sling
Press: ? - help, Q - select action, (/) - cycle Shift-Dir - straight line, f/p - adder
Aim: an adder (heavily wounded, 38% to hit)
You shoot a sling bullet.
The sling bullet closely misses the adder.
You feel sick.
You are no longer poisoned.
The adder bites you.
You die...

##....##...(.....
##................
##..........#######
.# ###...........#
...#.............#
..†...#..........#
..#.<..........#
#....#..........#
##.............@#
#....#.....[..SK#
#....##..........#
#.#.# #..........#
.... ...####.#...
.... .... ......
....... ........#


You could see an adder and a kobold.

Vanquished Creatures
  7 endoplasms
  4 giant cockroaches
  A goblin (D:1)
  3 kobolds (D:1)
  A quokka (D:1)
  6 ball pythons
  A bat (D:2)
  A frilled lizard (D:2)
  5 rats (D:1)
29 creatures vanquished.

Notes
Turn   | Place    | Note
-------+----------+-------------------------------------------
     0 | D:1      | Jase the Formicid Hexslinger began the quest for the Orb.
     0 | D:1      | Reached XP level 1. HP: 15/15 MP: 2/2
   167 | D:1      | Reached XP level 2. HP: 16/21 MP: 3/3
   401 | D:1      | Reached skill level 4 in Hexes
   509 | D:1      | Reached XP level 3. HP: 26/26 MP: 4/4
   810 | D:2      | Slain by an adder

Illustrated notes

Levels and vault maps discovered:
D:1:      dpeg_arrival_connections, layout_loops_ring
D:2:      layout_rooms, uniq_terence, uniq_sigmund, uniq_jessica

Skill      XL: |  1  2 |
---------------+-------+-----
Dodging        | 2 |  2.3
Hexes          | 4 |  4.2
Fighting       | |  1.1
Ranged Weapons | |  2.6
Spellcasting   | |  1.1

Action                   || total
-------------------------++-------
 Fire: Sling             ||    90
 Cast: Slow              ||     1
Armor: Robe              ||     9
Dodge: Dodged            ||    22
Block: Other             ||     5

Table legend: (Time is in decaauts)
 A = Elapsed time spent in this place.
 B = Non-inter-level travel time spent in this place.
 C = Inter-level travel time spent in this place.
 D = Time resting spent in this place.
 E = Time spent auto-exploring this place.
 F = Levels seen in this place.
 G = Mean time per level.
                   A        B        C        D        E       F      G
               +--------+--------+--------+--------+--------+-----+--------+
         Total |    834 |    803 |     31 |      0 |    611 |   2 |  417.0 |
       Dungeon |    834 |    803 |     31 |      0 |    611 |   2 |  417.0 |
               +--------+--------+--------+--------+--------+-----+--------+

Top non-repeatable levels by time:
     D:1: 765 daAuts
     D:2: 69 daAuts
